 Dungeon Crawl Stone Soup version 0.28-b1-1-g3c77fb2ed1 (webtiles) character file.

Game seed: 17731722882808015750

88 DearestLeader the Slasher (level 4, 0/41 HPs)
             Began as a Gnoll Chaos Knight on Jan 28, 2022.
             Was a Plaything of Xom.
             Slain by an ufetubus (5 damage)
             ... summoned by Xom
             ... on level 3 of the Dungeon.
             The game lasted 00:03:32 (2110 turns).

DearestLeader the Slasher (Gnoll Chaos Knight)      Turns: 2110, Time: 00:03:32

Health: 0/41       AC:  5    Str: 13    XL:     4   Next: 54%
Magic:  5/5        EV: 12    Int: 18    God:    Xom [....*.]
Gold:   31         SH:  0    Dex: 13    Spells: 5/5 levels left

rFire   . . .      SeeInvis .   a - +0 falchion (chaos)
rCold   . . .      Faith    .   (no shield)
rNeg    + . .      Spirit   .   b - +2 leather armour
rPois   .          Reflect  .   (no helmet)
rElec   .          Harm     .   (no cloak)
rCorr   .          Rampage  .   (no gloves)
Will    .....                   (no boots)
Stlth   +.........              j - amulet of Hofyrel {Regen+ Dex+2}
HPRegen 0.93/turn               e - ring of positive energy
MPRegen 0.09/turn               g - +6 ring of intelligence

@: no status effects
A: fangs 1, strong nose, distributed training
a: Renounce Religion


You were on level 3 of the Dungeon.
You worshipped Xom.
You were a beloved toy of Xom.
You visited 1 branch of the dungeon, and saw 3 of its levels.

You collected 98 gold pieces.
You spent 67 gold pieces at shops.

Inventory:

Hand Weapons
 a - a +0 falchion of chaos (weapon)
Missiles
 h - 6 poisoned darts
 m - 5 curare-tipped darts (quivered)
Armour
 b - a +2 leather armour (worn)
Jewellery
 e - a ring of positive energy (left hand)
 g - a +6 ring of intelligence (right hand)
 j - the amulet of Hofyrel (around neck) {Regen+ Dex+2}
   (Xom gifted it to you on level 2 of the Dungeon)

   [amulet of regeneration]

   Dex:       It affects your dexterity (+2).
   Regen:     It increases your rate of health regeneration.
 l - a +6 ring of strength
Scrolls
 f - 2 scrolls of identify
 i - a scroll of teleportation {unknown}
Potions
 c - a potion of heal wounds {unknown}
 d - 4 potions of curing
 k - a potion of magic {unknown}


   Skills:
 + Level 6.6 Fighting
 + Level 1.2 Short Blades
 + Level 6.6 Long Blades
 + Level 1.2 Axes
 + Level 1.2 Maces & Flails
 + Level 1.2 Polearms
 + Level 1.2 Staves
 + Level 1.2 Slings
 + Level 1.2 Bows
 + Level 1.2 Crossbows
 + Level 1.2 Throwing
 + Level 4.6 Armour
 + Level 2.8 Dodging
 + Level 1.2 Stealth
 + Level 1.2 Shields
 + Level 1.2 Unarmed Combat
 + Level 1.2 Spellcasting
 + Level 1.0 Conjurations
 + Level 1.0 Hexes
 + Level 1.0 Summonings
 + Level 1.0 Necromancy
 + Level 1.0 Translocations
 + Level 1.0 Transmutations
 + Level 1.0 Fire Magic
 + Level 1.0 Ice Magic
 + Level 1.0 Air Magic
 + Level 1.0 Earth Magic
 + Level 1.0 Poison Magic
 + Level 1.3 Invocations
 + Level 1.2 Evocations


You had 5 spell levels left.
You didn't know any spells.
Your spell library was empty.

Dungeon Overview and Level Annotations

Branches:
Dungeon (3/15)

Altars:
Xom

Shops:
D:1 **??   D:2 (


Innate Abilities, Weirdness & Mutations

You have very sharp teeth.
Your uncanny sense of smell can sniff out nearby items.
Your experience applies equally to all skills.


Message History

Your Transmutations skill increases to level 1!
Your Fire Magic skill increases to level 1!
Your Ice Magic skill increases to level 1!
Your Air Magic skill increases to level 1!
Your Earth Magic skill increases to level 1!
Your Poison Magic skill increases to level 1!
You hit the ufetubus but do no damage.
The ufetubus goes berserk!
Xom thinks this is hilarious!
The ufetubus hits you but does no damage.
The ufetubus misses you. x2; The ufetubus closely misses you.
The white imp hits you. The white imp freezes you.
You hit the ufetubus but do no damage. The ufetubus misses you.
The ufetubus hits you but does no damage.
The ufetubus closely misses you. The ufetubus barely misses you.
The white imp hits you. The white imp freezes you.
You completely miss the ufetubus. The ufetubus barely misses you.
The ufetubus closely misses you. x2; The ufetubus misses you.
The white imp hits you. The white imp freezes you.
The ufetubus barely misses you. The ufetubus closely misses you. x2
The ufetubus hits you. The ufetubus misses you. The ufetubus barely misses you.
The white imp hits you. The white imp freezes you.
The ufetubus barely misses you. The ufetubus misses you.
The white imp gestures at you. The puff of frost hits you!
* * * LOW HITPOINT WARNING * * *
You hear a shout!
You hear a shout!
The ufetubus hits you.
* * * LOW HITPOINT WARNING * * *
The ufetubus closely misses you.
The white imp laughs crazily.
The ufetubus misses you. The ufetubus hits you.
* * * LOW HITPOINT WARNING * * *
The ufetubus hits you but does no damage. x2
You see here 13 stones.
The ufetubus closely misses you.
The ufetubus hits you but does no damage.
The ufetubus hits you.
You die... "I guess I need a new plaything now."

.......# ............#
...>...+ ...........#
.......###### #.........#
.........<..# #..††.....#
##'#'####.#.# #.......).#
#.#.####.#.# #...).....#
#.#......#.######.........#
#........#.##...5.5.......#
#........#..'..@(...#######
#..<.....####.......#
#........# #########
#........# #.######## ...
###


You could see a white imp (summoned) and an ufetubus (summoned, berserk).

Vanquished Creatures
  An orc priest (D:3)
  An adder (D:2)
  2 worms (D:2)
  2 orcs (D:3)
  4 ball pythons
  3 bats
  4 endoplasms
  A giant cockroach (D:1)
  5 goblins
  4 hobgoblins
  2 jackals (D:3)
  3 kobolds
  3 quokkas
  A quokka skeleton (D:2)
  2 rats
38 creatures vanquished.

Notes
Turn   | Place    | Note
-------+----------+-------------------------------------------
     0 | D:1      | DearestLeader the Gnoll Chaos Knight began the quest for
                  | the Orb.
     0 | D:1      | Reached XP level 1. HP: 23/23 MP: 1/1
    66 | D:1      | Found Vemic's Assorted Antiques.
    74 | D:1      | You fall into a shaft and drop 1 floor!
   161 | D:2      | Reached XP level 2. HP: 25/29 MP: 2/2
   362 | D:1      | Found Sideroco's Magic Scroll Boutique.
   678 | D:1      | XOM: silly message
   753 | D:1      | Found Xuiqink's General Store.
   758 | D:1      | Bought a potion of curing for 39 gold pieces
   804 | D:1      | Reached XP level 3. HP: 32/35 MP: 3/3
   875 | D:1      | XOM: divination: detect creatures
  1140 | D:1      | XOM: silly message
  1163 | D:1      | Found Olileo Ymuo's Magic Scroll Boutique.
  1176 | D:1      | Bought a scroll of identify for 28 gold pieces
  1268 | D:1      | XOM: scenery: create altars
  1315 | D:2      | XOM is BORED!
  1315 | D:2      | XOM: draining
  1438 | D:2      | XOM: cloud trail
  1444 | D:2      | XOM: god gift: crude platinum amulet {god gift}
  1444 | D:2      | Identified the amulet of Hofyrel {Regen+ Dex+2} (Xom gifted
                  | it to you on level 2 of the Dungeon)
  1606 | D:2      | Reached skill level 1 in Invocations
  1769 | D:2      | Found Usyedulumm's Antique Weapon Shoppe.
  1800 | D:3      | Reached skill level 1 in Short Blades
  1800 | D:3      | Reached skill level 1 in Axes
  1800 | D:3      | Reached skill level 1 in Maces & Flails
  1800 | D:3      | Reached skill level 1 in Polearms
  1800 | D:3      | Reached skill level 1 in Staves
  1800 | D:3      | Reached skill level 1 in Slings
  1800 | D:3      | Reached skill level 1 in Bows
  1800 | D:3      | Reached skill level 1 in Crossbows
  1800 | D:3      | Reached skill level 1 in Throwing
  1800 | D:3      | Reached skill level 1 in Stealth
  1800 | D:3      | Reached skill level 1 in Shields
  1800 | D:3      | Reached skill level 1 in Unarmed Combat
  1800 | D:3      | Reached skill level 1 in Spellcasting
  1800 | D:3      | Reached skill level 1 in Evocations
  1836 | D:3      | Found a faded altar of an unknown god.
  2001 | D:3      | XOM: cast spell 'Statue Form'
  2007 | D:3      | Reached XP level 4. HP: 41/41 MP: 5/5
  2098 | D:3      | XOM: summons 2 hostile demons
  2103 | D:3      | Reached skill level 1 in Conjurations
  2103 | D:3      | Reached skill level 1 in Hexes
  2103 | D:3      | Reached skill level 1 in Summonings
  2103 | D:3      | Reached skill level 1 in Necromancy
  2103 | D:3      | Reached skill level 1 in Translocations
  2103 | D:3      | Reached skill level 1 in Transmutations
  2103 | D:3      | Reached skill level 1 in Fire Magic
  2103 | D:3      | Reached skill level 1 in Ice Magic
  2103 | D:3      | Reached skill level 1 in Air Magic
  2103 | D:3      | Reached skill level 1 in Earth Magic
  2103 | D:3      | Reached skill level 1 in Poison Magic
  2110 | D:3      | Slain by an ufetubus

Illustrated notes

Levels and vault maps discovered:
D:1:      sevenhm_arrival_forest_fort_small_5, layout_basic, serial_shops,
          nicolae_shop_advertising_works [nicolae_subvault_shop_adworks],
          nicolae_shop_trees, nicolae_lakefront_shop, shop
D:2:      kennysheep_six_static_rooms, layout_basic, serial_shops, shop,
          nicolae_figureground_pulse
D:3:      layout_basic, ebering_ecumenical_altar_rust

Skill      XL: |  1  2  3  4 |
---------------+-------------+-----
Invocations    | 1 |  1.3
Short Blades   | 1 |  1.2
Axes           | 1 |  1.2
Maces & Flails | 1 |  1.2
Polearms       | 1 |  1.2
Staves         | 1 |  1.2
Slings         | 1 |  1.2
Bows           | 1 |  1.2
Crossbows      | 1 |  1.2
Throwing       | 1 |  1.2
Stealth        | 1 |  1.2
Shields        | 1 |  1.2
Unarmed Combat | 1 |  1.2
Spellcasting   | 1 |  1.2
Evocations     | 1 |  1.2
Conjurations   | 1 |  1.0
Hexes          | 1 |  1.0
Summonings     | 1 |  1.0
Necromancy     | 1 |  1.0
Translocations | 1 |  1.0
Transmutations | 1 |  1.0
Fire Magic     | 1 |  1.0
Ice Magic      | 1 |  1.0
Air Magic      | 1 |  1.0
Earth Magic    | 1 |  1.0
Poison Magic   | 1 |  1.0
Fighting       | |  6.6
Long Blades    | |  6.6
Armour         | |  4.6
Dodging        | |  2.8

Action                   |  1- 3 |  4- 6 || total
-------------------------+-------+-------++-------
Melee: Falchion          |    89 |    24 ||   113
       Bite              |     8 |       ||     8
  Use: Scroll            |     3 |       ||     3
 Stab: Distracted        |     1 |       ||     1
       Paralysed         |     1 |       ||     1
       Sleeping          |     1 |       ||     1
Armor: Leather armour    |    24 |    12 ||    36
       Skin              |     1 |     5 ||     6
Dodge: Dodged            |    50 |    49 ||    99
